cohdb
Replays
Latest Replays
All Replays
Popular Replays
Top Player Replays
Match Explorer
How It Works
Community
CoH3 Stats
Reddit
Sign in to upload your games and track your stats! →
Sign in with Steam
Match 43796418
Unlisted
Match 43796418
Overview
Messages
Build Orders
End
Vickers Machine Gun Team
Selects Heavy Armor Battlegroup
Vickers Machine Gun Team
Construct Section Command Post
Infantry Section
Construct Field Infirmary
Grenade Package
Selects Rigorous Vehicle Training
ML 3-inch Mortar Team
ML 3-inch Mortar Team
ML 3-inch Mortar Team
ML 3-inch Mortar Team
ML 3-inch Mortar Team
Construct Platoon Command Post
Selects Forward Repair Assembly
Selects UNKNOWN (2162094)
Unlock M3 Stuart Light Tanks
Selects Light Vehicle Withdraw and Refit
Selects Radio Net
M3 Stuart Light Tank
M3 Stuart Light Tank
Radio Net
Light Vehicle Withdraw and Refit
M3 Stuart Light Tank
M3 Stuart Light Tank
Royal Engineer Section
M3 Stuart Light Tank
6-pounder Anti-tank Gun Team
Radio Net
T21
Gorlak
SHANHAI
Ul`Man
Dog
TianZe
Halokoo
can can need new new
0
0
Comments
sign in to comment!
No comments posted yet!